 Dungeon Crawl Stone Soup version 0.30.0-10-gfe55d96785 (webtiles) character file.

Game seed: 6493811686722992564

96 H0rd4k the Charlatan (level 4, -2/32 HPs)
             Began as a Human Artificer on May 15, 2023.
             Shot with a bolt by an orc warrior (8 damage)
             ... on level 4 of the Dungeon.
             The game lasted 00:03:34 (3402 turns).

H0rd4k the Charlatan (Human Artificer)              Turns: 3402, Time: 00:03:34

Health: -2/32      AC:  5    Str: 13    XL:     4   Next: 98%
Magic:  4/4        EV: 12    Int: 13    God:
Gold:   213        SH:  0    Dex: 13    Spells: 3/3 levels left

rFire   . . .        a - +0 club
rCold   . . .        (no shield)
rNeg    . . .        b - +0 leather armour
rPois   .            (no helmet)
rElec   .            (no cloak)
rCorr   .            g - +0 pair of gloves
SInv    .            m - +0 pair of boots
Will    .....        (no amulet)
Stlth   ++           (no ring)
HPRegen 0.25/turn    (no ring)
MPRegen 0.09/turn

%: no passive effects
@: no status effects
A: no striking features
a: no special abilities


You were on level 4 of the Dungeon.
You visited 1 branch of the dungeon, and saw 4 of its levels.

You collected 213 gold pieces.

Inventory:

Hand Weapons
 a - a +0 club (weapon)
Armour
 b - a +0 leather armour (worn)
 g - a +0 pair of gloves (worn)
 m - a +0 pair of boots (worn)
Wands
 c - a wand of flame (1) (quivered)
 d - a wand of charming (10)
 e - a wand of iceblast (5)
Scrolls
 f - a scroll of fog {unknown}
 i - a scroll of noise {unknown}
 j - 4 scrolls of enchant weapon {unknown}
 k - a scroll of enchant armour {unknown}
 n - 3 scrolls of identify {unknown}
 q - 2 scrolls of amnesia {unknown}
Potions
 h - 3 potions of curing {unknown}
 l - a potion of haste {unknown}
 o - a potion of brilliance {unknown}
 p - a potion of heal wounds {unknown}
 r - a potion of flight {unknown}


   Skills:
 + Level 1.6 Fighting
 + Level 1.3 Maces & Flails
 - Level 2.0 Armour
 + Level 2.9 Dodging
 + Level 1.5 Stealth
 + Level 3.5 Evocations


You had 3 spell levels left.
You didn't know any spells.
Your spell library contained the following spells:

 Spells                   Type           Power      Damage    Failure   Level
 Sting                    Tmut/Pois      0%         1d3       36%         1
 Poisonous Vapours        Pois/Air       0%         N/A       52%         2
 Olgreb's Toxic Radiance  Pois           0%         N/A       98%         4


Dungeon Overview and Level Annotations

Branches:
Dungeon (4/15)
 Temple: D:4-7

Altars:
Fedhas

Shops:
D:2 =:

Annotations:
D:1 exclusion: 2 downstairs
D:2 exclusion: downstairs


Message History

An orc warrior comes into view. It is wielding a +0 mace.
Unknown command.
What are your orders? t - Shout!
Orders for allies: a - Attack new target. p - Attack previous target. r - Retreat! s - Stop attacking. g - Guard the area. f - Follow me.
Anything else - Cancel.
Guard this area!
The ball python bites your orc priest.
The ball python closely misses your orc priest.
Your orc priest invokes the aid of Beogh against the ball python.
The ball python writhes in agony.
Something closely misses your orc priest.
Something grabs your orc priest.
Your orc priest is constricted.
Your orc priest barely misses something.
Something bites your orc priest.
Your orc priest is constricted.
The orc warrior unwields a +0 mace.
The orc warrior wields a +0 arbalest.
The orc warrior shoots a bolt.
The bolt hits your orc priest!
Your orc priest dies!
There is a stone staircase leading up here.
An adder comes into view.
Aiming: Charm
Press: ? - help, Shift-Dir - straight line, f - adder
Aim: an adder (asleep, chance to affect: 67%)
The adder hisses angrily.
The adder is charmed.
The orc warrior shoots a bolt.
The bolt hits you!
Ouch! That really hurt!
Unknown command.
Aiming: Charm
Press: ? - help, Shift-Dir - straight line, f - orc warrior, p - adder
Aim: an orc warrior, wielding a +0 arbalest and wearing a +0 plate armour (chance to affect: 58%)
The orc warrior resists with significant effort.
The orc warrior shoots a bolt.
The bolt hits you!
* * * LOW HITPOINT WARNING * * *
Aiming: Charm
Press: ? - help, Shift-Dir - straight line, f/p - orc warrior
Aim: an orc warrior, wielding a +0 arbalest and wearing a +0 plate armour (ally target, chance to affect: 58%)
The orc warrior resists with significant effort.
The orc warrior shoots a bolt.
The bolt hits you!
You die...

...# #..###....#
....##..##.o####
....#..#..##
#..#...<.# #.......# .
####......# ..
#.S.......#######...
..#..................#
#.....@............##
............#.........
......<####...........
..##.......###........
. ......##. .........
...... ## ###......
#...... .####. #......
.. ...


You could see an orc warrior (ally target) and a friendly adder (charmed).

Vanquished Creatures
  3 adders (D:2)
  2 worms
  An orc (D:3)
  9 endoplasms
  2 giant cockroaches
  4 goblins
  5 hobgoblins
  6 jackals
  4 kobolds
  A quokka (D:1)
  4 ball pythons
  4 bats
  7 frilled lizards
  2 rats (D:1)
54 creatures vanquished.

Vanquished Creatures (collateral kills)
  An endoplasm (D:1)
1 creature vanquished.

Vanquished Creatures (others)
  An orc priest (D:4)
1 creature vanquished.

Grand Total: 56 creatures vanquished

Notes
Turn   | Place    | Note
-------+----------+-------------------------------------------
     0 | D:1      | H0rd4k the Human Artificer began the quest for the Orb.
     0 | D:1      | Reached XP level 1. HP: 15/15 MP: 1/1
   318 | D:1      | Reached XP level 2. HP: 10/21 MP: 2/2
  1152 | D:1      | Reached XP level 3. HP: 26/26 MP: 3/3
  1401 | D:2      | Found Ozuremeb's Vocational Training.
  1530 | D:2      | Reached skill level 1 in Maces & Flails
  1530 | D:2      | Reached XP level 4. HP: 7/32 MP: 4/4
  1677 | D:2      | Found Rugimp's Jewellery Shop.
  1777 | D:2      | Found a faded altar of an unknown god.
  3041 | D:3      | Found a blossoming altar of Fedhas.
  3386 | D:4      | Noticed an orc warrior
  3402 | D:4      | Shot with a bolt by an orc warrior

Illustrated notes

Levels and vault maps discovered:
D:1:      heliophobic_arrival_battle_scene, layout_basic, glass_columns_c
D:2:      minmay_skewed_foursquare, layout_loops_ring, serial_bayou,
          serial_bayou_lagoon_b, serial_bayou_pond_c, serial_bayou_pond_b,
          serial_bayou_shore_a, serial_bayou_crossing, serial_shops,
          nicolae_shop_pleasant_corner_grove,
          shapermc_ecumenical_altar_mp_vishouse, nicolae_shop_vocational
D:3:      layout_basic, nicolae_overflow_crystal_walls
D:4:      layout_rooms, hellmonk_ghost_happy_afterlife, serial_shops,
          kennysheep_mini

Skill      XL: |  1  2  3 |
---------------+----------+-----
Dodging        | 2 |  2.9
Maces & Flails | 1 |  1.3
Fighting       | |  1.6
Armour         | |  2.0
Stealth        | |  1.5
Evocations     | |  3.5

Action                     |  1- 3 |  4- 6 || total
---------------------------+-------+-------++-------
  Melee: Club              |   169 |   117 ||   286
         Punch             |     2 |     2 ||     4
  Evoke: Wand              |     8 |    11 ||    19
   Stab: Sleeping          |     4 |     1 ||     5
 Armour: Leather armour    |    71 |    53 ||   124
  Dodge: Dodged            |   133 |   107 ||   240
